 Dungeon Crawl Stone Soup version 0.13-b1-54-gfe00c74 (webtiles) character file.

129 Lilouch the Skirmisher (level 3, -1/30 HPs)
             Began as a Mummy Fighter on Oct 10, 2013.
             Slain by a naga warrior
             ... wielding a +0,+0 flail
             ... created by the fury of Okawaru
              (4 damage)
             ... on Level 2 of the Dungeon.
             The game lasted 00:16:19 (8311 turns).

Lilouch the Skirmisher (Mummy Fighter)              Turns: 8311, Time: 00:16:19

HP  -1/30        AC  6     Str 20      XL: 3   Next: 85%
MP   2/2         EV  6     Int  7      God:
Gold 67          SH 18     Dex 11      Spells:  0 memorised,  2 levels left

Res.Fire  : x . .   See Invis. : .   a - +0 falchion
Res.Cold  : + . .   Warding    : .   b - +0 scale mail
Life Prot.: + + +   Conserve   : .   c - +0 shield
Res.Poison: +       Res.Corr.  : .   (no helmet)
Res.Elec. : .       Clarity    : .   (no cloak)
Sust.Abil.: . .     Spirit.Shd : .   (no gloves)
Res.Mut.  : .       Stasis     : .   (no boots)
Res.Rott. : +       Flight     : .   (no amulet)
Saprovore : . . .                    (no ring)
                                     (no ring)

@: constricted, slightly resistant to hostile enchantments, extremely unstealthy
A: no food or potions, fire vulnerability, restore body, cold resistance 1, life
protection 3, poison resistance, torment resistance, unbreathing
a: no special abilities


You were on level 2 of the Dungeon.
You were not hungry.

You visited 1 branch of the dungeon, and saw 2 of its levels.

You collected 47 gold pieces.

Inventory:

Hand weapons
 a - a +0,+0 falchion (weapon)
 e - a +0,+1 orcish club
 f - a +0,+0 hand axe
 g - a +0,+0 orcish club
 j - a +0,+0 dagger
 l - a +0,+0 orcish club
 n - a +0,+1 falchion
 o - a +0,+0 hand axe
 p - a +0,+0 spear
 q - a -1,+1 orcish dagger
 u - a +4,+1 hand axe
 w - a +0,+0 club (quivered)
 x - a +0,+0 club
 y - a cursed -1,-2 dagger
 D - a -1,+0 orcish club
Missiles
 k - 19 darts
 r - 27 sling bullets
 t - 7 poisoned arrows
Armour
 b - a +0 scale mail (worn)
 c - a +0 shield (worn)
Comestibles
 h - 3 bread rations
 v - 2 apples
 A - a pear
 B - an orange
 C - 2 apricots
Scrolls
 d - a scroll of noise {unknown}
 i - 3 scrolls of identify {unknown}
 m - 3 scrolls of remove curse {unknown}
 s - a scroll of random uselessness {unknown}
 z - a scroll of teleportation {unknown}


   Skills:
 - Level 3.0 Fighting
 * Level 2.6 Long Blades
 + Level 3.0 Armour
 + Level 2.7 Shields


You had 2 spell levels left.
You didn't know any spells.

Dungeon Overview and Level Annotations

Branches:
Dungeon (2/27)

Altars:
Fedhas
Okawaru


Innate Abilities, Weirdness & Mutations

You do not eat or drink.
Your flesh is vulnerable to fire.
Your flesh is cold resistant.
You are immune to negative energy.
Your system is resistant to poisons.
You are immune to unholy pain and torment.
You can survive without breathing.


Message History

You start waiting.
A naga warrior comes into view. It is wielding a flail.
Okawaru sends forces against you! The divine experience confuses you!
You are confused.
In your confused state, you trip and fall down the stairs.
You climb downwards.
There is a stone staircase leading up here.
Ouch! Ouch! The naga warrior barely misses you.
The naga warrior barely misses you.
Ouch! You feel less confused. The naga warrior hits you with a flail!
You block the naga warrior's attack.
You hit the naga warrior but do no damage.
The naga warrior hits you with a flail. The naga warrior grabs you.
The naga warrior constricts you.
You hit the naga warrior.
The naga warrior is lightly wounded.
The naga warrior hits you with a flail!
* * * LOW HITPOINT WARNING * * *
You die...

#### # ###### .... #.....
...... . #..... ...... ...#
#..... #.#.. ..#####.....
#####.#.### #...........
##.....#.#@# #...........
##...#....#N#####.......##..
##...###...#....##.......##..
#...........###.##.......####
#..#.....#...............# #
#.##.._..##.######.......####
#..#.....#...................
#............................
##...###...##...#############


You could see a naga warrior.

Vanquished Creatures
  2 worms (D:2)
  A ball python (D:1)
  2 giant cockroaches
  8 hobgoblins
  7 kobolds
  9 bats
  4 giant newts
  6 goblins
  2 jackals (D:1)
  8 rats
49 creatures vanquished.

Notes
Turn   | Place    | Note
--------------------------------------------------------------
     0 | D:1      | Lilouch, the Mummy Fighter, began the quest for the Orb.
     0 | D:1      | Reached XP level 1. HP: 18/18 MP: 0/0
   291 | D:1      | Reached XP level 2. HP: 20/24 MP: 1/1
  1151 | D:2      | Found an iron altar of Okawaru.
  1211 | D:2      | Became a worshipper of Warmaster Okawaru
  1365 | D:2      | Reached XP level 3. HP: 17/30 MP: 2/2
  1672 | D:2      | Found a blossoming altar of Fedhas.
  6726 | D:2      | Fell from the grace of Okawaru
  8107 | D:1      | Noticed a frost giant
  8305 | D:1      | Noticed a naga warrior
  8311 | D:2      | Slain by a naga warrior

Action                   || total
-------------------------++-------
Melee: Falchion          ||   129
Throw: Club              ||    10
       Hand axe          ||     2
       Dagger            ||     1
